Canadiens vs Lightning

Created - October 24, 2015 at 11:58

Goals
1 2 3 T
Canadiens 0 1 0 1
Lightning 2 0 0 2
Shots
1 2 3 T
Canadiens 9 12 7 28
Lightning 13 7 6 26

1st period

1. Lightning , John Gaudreau 6 (Radim Vrbata, Henrik Sedin) at 4:47
2. Lightning , Patric Hornqvist 2 (Kyle Okposo, Hampus Lindholm) at 14:46

Penalties :
Radim Vrbata (TBL) for Hooking (Minor) at 16:48, Jonathan Ericsson (MTL) for Tripping (Minor) at 16:48

2nd period

3. Canadiens , Josh Bailey 3 (Justin Abdelkader, Jonathan Toews) at 2:25 (PP)

Penalties :
Adam Larsson (MTL) for Tripping (Minor) at 0:14, Patric Hornqvist (TBL) for Hooking (Minor) at 0:49, Erik Gudbranson (TBL) for Tripping (Minor) at 7:05, Erik Gudbranson (TBL) for Holding (Minor) at 17:28

3rd period

No Goal

Penalties :
Andrej Meszaros (TBL) for Hooking (Minor) at 1:54, Travis Zajac (TBL) for Holding (Minor) at 7:08, Jason Demers (MTL) for High sticking (Minor) at 15:22

Goalie Stats

Jonathan Bernier (MTL), 24 saves from 26 shots - (0.923), L, 0-2-0, 58:50 minutes
Jaroslav Halak (TBL), 27 saves from 28 shots - (0.964), W, 4-5-0, 60:00 minutes

Players Stats for Canadiens

Player Name              G  A  P  +/- PIM S  H  SB GA TA FO     MP     PP MP  PK MP  
------------------------------------------------------------------------------------
Adam Larsson             0  0  0   0  2   2  4  1  0  0  0/0    21:56   4:31   1:04 
Alexander Steen          0  0  0   0  0   2  0  0  0  0  0/0    18:44   4:12   0:46 
Cam Fowler               0  0  0   0  0   0  0  2  0  0  0/0    23:12   3:37   1:45 
Dale Weise               0  0  0  -1  0   0  0  0  0  0  0/0    10:49   0:00   1:16 
Dan Girardi              0  0  0  -1  0   1  0  2  0  0  0/0    24:36   3:37   1:24 
Ian Cole                 0  0  0  -1  0   0  1  3  0  0  0/0    17:17   0:00   0:03 
Jason Demers             0  0  0  -1  2   0  3  1  0  0  0/0    18:59   4:31   0:00 
Jonathan Ericsson        0  0  0  -1  2   1  0  0  0  0  0/0    13:57   0:00   0:52 
Jonathan Toews           0  1  1  -1  0   2  0  1  0  0  3/5    20:35   3:56   0:00 
Jordan Eberle            0  0  0  -1  0   6  0  0  0  0  1/3    19:35   4:12   0:00 
Josh Bailey              1  0  1   0  0   7  5  0  0  0  1/3    18:33   3:56   1:40 
Justin Abdelkader        0  1  1  -1  0   1  3  0  0  0  3/11   18:36   3:56   0:00 
Nicholas Shore           0  0  0   0  0   1  1  0  0  0  7/15    9:20   0:00   0:00 
Paul Stastny             0  0  0   0  0   2  1  0  0  0  19/29  18:56   4:12   0:58 
Stephen Gionta           0  0  0   0  0   1  1  0  0  0  0/0     9:48   0:00   0:28 
Teemu Pulkkinen          0  0  0  -1  0   1  0  0  0  0  0/0    10:14   0:00   0:00 
Teuvo Teravainen         0  0  0  -1  0   1  0  2  0  0  5/12    9:33   0:00   0:00 
Tyler Kennedy            0  0  0   0  0   0  1  0  0  0  0/0     9:20   0:00   0:00 

Players Stats for Lightning

Player Name              G  A  P  +/- PIM S  H  SB GA TA FO     MP     PP MP  PK MP  
------------------------------------------------------------------------------------
Andrej Meszaros          0  0  0   0  2   0  1  1  0  0  0/0    15:51   0:00   1:31 
Andrej Sekera            0  0  0   1  0   1  0  1  0  0  0/0    21:17   1:26   4:26 
Brad Hunt                0  0  0   0  0   0  0  0  0  0  0/0    14:48   0:00   0:27 
Christian Ehrhoff        0  0  0   1  0   1  1  2  0  0  0/0    24:22   1:08   3:42 
Curtis Glencross         0  0  0   0  0   1  0  0  0  0  0/1     7:47   0:00   0:18 
Eric Fehr                0  0  0   0  0   1  0  0  0  0  1/1    12:43   0:00   0:00 
Erik Gudbranson          0  0  0   0  4   0  3  2  0  0  0/0    19:36   1:08   2:18 
Hampus Lindholm          0  1  1   2  0   1  0  0  0  0  0/0    24:03   1:26   3:52 
Henrik Sedin             0  1  1   1  0   2  1  0  0  0  19/33  23:23   1:08   5:43 
John Gaudreau            1  0  1   1  0   3  0  0  0  0  0/0    17:16   1:08   2:07 
Kyle Okposo              0  1  1   1  0   3  0  0  0  0  1/4    15:07   1:26   0:00 
Maxime Talbot            0  0  0   0  0   1  0  0  0  0  2/6     6:40   0:00   0:00 
Nick Spaling             0  0  0   0  0   1  0  0  0  0  6/10   11:54   0:00   0:00 
Patric Hornqvist         1  0  1   1  2   5  3  0  0  0  0/0    17:13   1:25   2:07 
Radim Vrbata             0  1  1   1  2   3  1  0  0  0  0/0    21:53   1:08   5:21 
Teddy Purcell            0  0  0   0  0   1  0  0  0  0  0/2     5:46   0:00   0:00 
Travis Zajac             0  0  0   1  2   0  1  0  0  0  10/21  16:17   1:26   0:40 
Troy Brouwer             0  0  0   0  0   2  1  0  0  0  0/0    12:27   0:00   0:00 

3 Stars

1 - Jaroslav Halak (TBL)
2 - Josh Bailey (MTL)
3 - John Gaudreau (TBL)

Power Play

Canadiens - 1 on 5 Attempt(s) - 20.00%
Lightning - 0 on 2 Attempt(s) - 0.00%

Penalty Kill

Canadiens - 2 on 2 Attempt(s) - 100.00% - Score 0 goal in Penalty Kill
Lightning - 4 on 5 Attempt(s) - 80.00% - Score 0 goal in Penalty Kill

Team Stat

Canadiens - Hits : 20 - Faceoff Wins : 39 - Blocked Shots : 12 - Penalty Minutes : 6
Lightning - Hits : 12 - Faceoff Wins : 39 - Blocked Shots : 6 - Penalty Minutes : 12

Official

Referees : Francis Charron and Marc Joannette
Linesman : Mike Cvik and Lonnie Cameron

Game Notes

No Game Note

Finance

Level 1 -- Attendance: 5749 (88.45%) -- Ticket Income $632,390
Level 2 -- Attendance: 3348 (66.96%) -- Ticket Income $318,060
Level 3 -- Attendance: 2057 (58.77%) -- Ticket Income $154,275
Level 4 -- Attendance: 2644 (82.52%) -- Ticket Income $118,980
Luxury Box -- Attendance: 491 (49.10%) -- Ticket Income $176,760
Game was played at the Amalie Arena.
Total Attendance: 14289 (74.41%)
Total Ticket Income: $1,400,465
Other Income: $210,070
Total Income: $1,610,535

% Time on Ice - Canadiens

Lines # - Real PCT - Wanted PCT - Time Play
Normal Forward
1 - 32% - 35% - 14:40
2 - 26% - 30% - 11:39
3 - 21% - 20% - 9:33
4 - 21% - 15% - 9:20
Normal Defense
1 - 35% - 38% - 15:37
2 - 37% - 38% - 16:31
3 - 15% - 12% - 6:57
4 - 14% - 12% - 6:07
PP Forward
1 - 52% - 60% - 4:12
2 - 48% - 40% - 3:56
PP Defense
1 - 44% - 50% - 3:37
2 - 56% - 50% - 4:31
PK Forward
1 - 100% - 60% - 2:34
2 - 0% - 40% - 0:00
PK Defense
1 - 66% - 60% - 1:42
2 - 34% - 40% - 0:52
PK3 Forward
1 - 0% - 60%
2 - 0% - 40%
PK3 Defense
1 - 0% - 60%
2 - 0% - 40%
44 Forward
1 - 38% - 50% - 1:18
2 - 62% - 50% - 2:05
44 Defense
1 - 58% - 50% - 1:58
2 - 42% - 50% - 1:25
Last Minute Offensive  - 0:43
Last Minute Defensive  - 0:00
Total
Forward - 60:00
Defense - 60:00

% Time on Ice - Lightning

Lines # - Real PCT - Wanted PCT - Time Play
Normal Forward
1 - 31% - 40% - 14:01
2 - 30% - 30% - 13:39
3 - 26% - 20% - 11:54
4 - 13% - 10% - 5:46
Normal Defense
1 - 36% - 40% - 16:09
2 - 30% - 30% - 13:29
3 - 32% - 20% - 14:21
4 - 3% - 10% - 1:21
PP Forward
1 - 44% - 60% - 1:08
2 - 56% - 40% - 1:26
PP Defense
1 - 56% - 60% - 1:26
2 - 44% - 40% - 1:08
PK Forward
1 - 74% - 60% - 6:01
2 - 26% - 40% - 2:07
PK Defense
1 - 45% - 60% - 3:42
2 - 55% - 40% - 4:26
PK3 Forward
1 - 0% - 60%
2 - 0% - 40%
PK3 Defense
1 - 0% - 60%
2 - 0% - 40%
44 Forward
1 - 84% - 60% - 2:50
2 - 16% - 40% - 0:33
44 Defense
1 - 60% - 60% - 2:01
2 - 40% - 40% - 1:22
Last Minute Offensive  - 0:00
Last Minute Defensive  - 0:35
Total
Forward - 60:00
Defense - 60:00

Play by Play

1st period


0:01 of 1st period - Henrik Sedin wins face-off versus Justin Abdelkader in neutral zone.
0:04 of 1st period - Shot by Radim Vrbata.
0:04 of 1st period - Deflect By John Gaudreau.
0:04 of 1st period - Stopped by Jonathan Bernier with a rebound.
0:22 of 1st period - Shot by Jonathan Toews.
0:22 of 1st period - Deflect By Jordan Eberle.
0:22 of 1st period - Stopped by Jaroslav Halak with a rebound.
0:24 of 1st period - Shot by Adam Larsson.
0:24 of 1st period - Shot Hit the Post.
0:26 of 1st period - Shot by Jordan Eberle.
0:26 of 1st period - Stopped by Jaroslav Halak without a rebound.
0:27 of 1st period - Paul Stastny wins face-off versus Travis Zajac in Lightning zone.
1:30 of 1st period - Off-side.
1:31 of 1st period - Nicholas Shore wins face-off versus Henrik Sedin in neutral zone.
2:14 of 1st period - Shot by Henrik Sedin.
2:14 of 1st period - Stopped by Jonathan Bernier without a rebound.
2:15 of 1st period - Maxime Talbot wins face-off versus Teuvo Teravainen in Canadiens zone.
3:03 of 1st period - Icing by Andrej Meszaros.
3:04 of 1st period - Justin Abdelkader wins face-off versus Maxime Talbot in Lightning zone.
3:09 of 1st period - Shot by Jordan Eberle.
3:09 of 1st period - Shot Misses the Net.
3:17 of 1st period - Shot by Jonathan Toews.
3:17 of 1st period - Shot Blocked by Andrej Meszaros.
3:55 of 1st period - Shot by Eric Fehr.
3:55 of 1st period - Shot Misses the Net.
3:57 of 1st period - Shot by Nick Spaling.
3:57 of 1st period - Shot Misses the Net.
3:59 of 1st period - Shot by Christian Ehrhoff.
3:59 of 1st period - Shot Blocked by Ian Cole.
4:47 of 1st period - Shot by Radim Vrbata.
4:47 of 1st period - Deflect By John Gaudreau.
4:47 of 1st period - Goal by John Gaudreau - Canadiens : 0 - Lightning : 1.
4:48 of 1st period - Paul Stastny wins face-off versus Kyle Okposo in neutral zone.
5:07 of 1st period - Shot by Josh Bailey.
5:07 of 1st period - Stopped by Jaroslav Halak without a rebound.
5:08 of 1st period - Teuvo Teravainen wins face-off versus Maxime Talbot in Lightning zone.
6:32 of 1st period - Shot by Kyle Okposo.
6:32 of 1st period - Shot Misses the Net.
7:06 of 1st period - Shot by John Gaudreau.
7:06 of 1st period - Stopped by Jonathan Bernier without a rebound.
7:07 of 1st period - Nick Spaling wins face-off versus Nicholas Shore in Canadiens zone.
7:22 of 1st period - Shot by Stephen Gionta.
7:22 of 1st period - Stopped by Jaroslav Halak without a rebound.
7:23 of 1st period - Henrik Sedin wins face-off versus Justin Abdelkader in Lightning zone.
7:23 of 1st period - Henrik Sedin is hit by Justin Abdelkader.
7:59 of 1st period - Shot by Justin Abdelkader.
7:59 of 1st period - Shot Misses the Net.
8:01 of 1st period - Shot by Jordan Eberle.
8:01 of 1st period - Stopped by Jaroslav Halak without a rebound.
8:02 of 1st period - Kyle Okposo wins face-off versus Nicholas Shore in Lightning zone.
8:02 of 1st period - Kyle Okposo is hit by Tyler Kennedy.
8:15 of 1st period - Patric Hornqvist is hit by Ian Cole and loses puck.
8:22 of 1st period - Shot by Patric Hornqvist.
8:22 of 1st period - Deflect By Kyle Okposo.
8:22 of 1st period - Stopped by Jonathan Bernier without a rebound.
8:23 of 1st period - Nick Spaling wins face-off versus Paul Stastny in Canadiens zone.
8:23 of 1st period - Nick Spaling is hit by Adam Larsson.
8:45 of 1st period - Shot by Paul Stastny.
8:45 of 1st period - Shot Misses the Net.
8:47 of 1st period - Shot by Josh Bailey.
8:47 of 1st period - Stopped by Jaroslav Halak without a rebound.
8:48 of 1st period - Henrik Sedin wins face-off versus Jordan Eberle in Lightning zone.
9:04 of 1st period - Shot by Justin Abdelkader.
9:04 of 1st period - Stopped by Jaroslav Halak without a rebound.
9:05 of 1st period - Travis Zajac wins face-off versus Nicholas Shore in Lightning zone.
9:05 of 1st period - Patric Hornqvist is hit by Stephen Gionta and loses puck.
9:30 of 1st period - Shot by Tyler Kennedy.
9:30 of 1st period - Deflect By Stephen Gionta.
9:30 of 1st period - Shot Hit the Post.
9:32 of 1st period - Shot by Cam Fowler.
9:32 of 1st period - Shot Blocked by Erik Gudbranson.
10:24 of 1st period - Shot by Henrik Sedin.
10:24 of 1st period - Deflect By John Gaudreau.
10:24 of 1st period - Shot Misses the Net.
10:30 of 1st period - Shot by John Gaudreau.
10:30 of 1st period - Shot Misses the Net.
10:59 of 1st period - Icing by Jordan Eberle.
11:00 of 1st period - Eric Fehr wins face-off versus Justin Abdelkader in Canadiens zone.
11:03 of 1st period - Shot by Eric Fehr.
11:03 of 1st period - Stopped by Jonathan Bernier with a rebound.
11:09 of 1st period - Shot by Troy Brouwer.
11:09 of 1st period - Shot Misses the Net.
11:37 of 1st period - Shot by Troy Brouwer.
11:37 of 1st period - Stopped by Jonathan Bernier with a rebound.
11:39 of 1st period - Shot by Troy Brouwer.
11:39 of 1st period - Shot Misses the Net.
11:41 of 1st period - Shot by Nick Spaling.
11:41 of 1st period - Stopped by Jonathan Bernier with a rebound.
12:20 of 1st period - Shot by Kyle Okposo.
12:20 of 1st period - Shot Blocked by Dan Girardi.
12:46 of 1st period - Shot by Henrik Sedin.
12:46 of 1st period - Deflect By Radim Vrbata.
12:46 of 1st period - Shot Blocked by Ian Cole.
12:48 of 1st period - Shot by Christian Ehrhoff.
12:48 of 1st period - Stopped by Jonathan Bernier without a rebound.
12:49 of 1st period - Paul Stastny wins face-off versus Maxime Talbot in Canadiens zone.
13:25 of 1st period - Off-side.
13:26 of 1st period - Henrik Sedin wins face-off versus Teuvo Teravainen in neutral zone.
13:35 of 1st period - Shot by Radim Vrbata.
13:35 of 1st period - Shot Blocked by Jason Demers.
13:58 of 1st period - Icing by Jason Demers.
13:59 of 1st period - Teuvo Teravainen wins face-off versus Nick Spaling in Canadiens zone.
13:59 of 1st period - Teuvo Teravainen is hit by Troy Brouwer.
14:04 of 1st period - Icing by Jonathan Ericsson.
14:05 of 1st period - Teuvo Teravainen wins face-off versus Travis Zajac in Canadiens zone.
14:35 of 1st period - Kyle Okposo is hit by Jason Demers and loses puck.
14:46 of 1st period - Shot by Patric Hornqvist.
14:46 of 1st period - Goal by Patric Hornqvist - Canadiens : 0 - Lightning : 2.
14:47 of 1st period - Paul Stastny wins face-off versus Henrik Sedin in neutral zone.
15:06 of 1st period - Shot by Paul Stastny.
15:06 of 1st period - Shot Misses the Net.
15:08 of 1st period - Shot by Paul Stastny.
15:08 of 1st period - Shot Misses the Net.
15:16 of 1st period - Shot by Josh Bailey.
15:16 of 1st period - Stopped by Jaroslav Halak without a rebound.
15:17 of 1st period - Nick Spaling wins face-off versus Nicholas Shore in Lightning zone.
15:21 of 1st period - Icing by Eric Fehr.
15:22 of 1st period - Nicholas Shore wins face-off versus Nick Spaling in Lightning zone.
15:25 of 1st period - Shot by Nicholas Shore.
15:25 of 1st period - Shot Misses the Net.
15:35 of 1st period - Icing by Cam Fowler.
15:36 of 1st period - Henrik Sedin wins face-off versus Nicholas Shore in Canadiens zone.
15:49 of 1st period - Icing by Adam Larsson.
15:50 of 1st period - Nick Spaling wins face-off versus Nicholas Shore in Canadiens zone.
15:50 of 1st period - Eric Fehr is hit by Adam Larsson and loses puck.
16:04 of 1st period - Eric Fehr is hit by Adam Larsson and loses puck.
16:33 of 1st period - Off-side.
16:34 of 1st period - Henrik Sedin wins face-off versus Paul Stastny in neutral zone.
16:48 of 1st period - Minor Penalty to Radim Vrbata for Hooking.
16:48 of 1st period - Minor Penalty to Jonathan Ericsson for Tripping.
16:49 of 1st period - Henrik Sedin wins face-off versus Jonathan Toews in Canadiens zone.
16:52 of 1st period - Shot by Henrik Sedin.
16:52 of 1st period - Stopped by Jonathan Bernier with a rebound.
17:15 of 1st period - Icing by Eric Fehr.
17:16 of 1st period - Paul Stastny wins face-off versus Henrik Sedin in Lightning zone.
17:27 of 1st period - Shot by Alexander Steen.
17:27 of 1st period - Shot Misses the Net.
17:53 of 1st period - Shot by Paul Stastny.
17:53 of 1st period - Stopped by Jaroslav Halak without a rebound.
17:54 of 1st period - Jonathan Toews wins face-off versus Curtis Glencross in Lightning zone.
17:59 of 1st period - Shot by Jonathan Toews.
17:59 of 1st period - Shot Misses the Net.
18:22 of 1st period - Shot by Jonathan Toews.
18:22 of 1st period - Shot Blocked by Christian Ehrhoff.
18:26 of 1st period - Shot by Josh Bailey.
18:26 of 1st period - Shot Misses the Net.
18:38 of 1st period - Shot by Josh Bailey.
18:38 of 1st period - Shot Misses the Net.
19:02 of 1st period - Shot by Patric Hornqvist.
19:02 of 1st period - Stopped by Jonathan Bernier without a rebound.
19:03 of 1st period - Nick Spaling wins face-off versus Nicholas Shore in Canadiens zone.
19:33 of 1st period - Icing by Jason Demers.
19:34 of 1st period - Nicholas Shore wins face-off versus Henrik Sedin in Canadiens zone.
19:42 of 1st period - Icing by Henrik Sedin.
19:43 of 1st period - Henrik Sedin wins face-off versus Paul Stastny in Lightning zone.
19:56 of 1st period - Shot by John Gaudreau.
19:56 of 1st period - Shot Blocked by Adam Larsson.
19:58 of 1st period - Shot by Radim Vrbata.
19:58 of 1st period - Stopped by Jonathan Bernier without a rebound.
19:59 of 1st period - Justin Abdelkader wins face-off versus Travis Zajac in Canadiens zone.
19:59 of 1st period - Justin Abdelkader is hit by Patric Hornqvist.
Goals for this period are 0 for Canadiens vs 2 for Lightning.
Shots for this period are 9 for Canadiens vs 13 for Lightning.

2nd period


0:01 of 2nd period - Henrik Sedin wins face-off versus Paul Stastny in neutral zone.
0:13 of 2nd period - Shot by Henrik Sedin.
0:13 of 2nd period - Shot Blocked by Cam Fowler.
0:14 of 2nd period - Minor Penalty to Adam Larsson for Tripping.
0:15 of 2nd period - Josh Bailey wins face-off versus Kyle Okposo in Canadiens zone.
0:38 of 2nd period - Shot by Kyle Okposo.
0:38 of 2nd period - Shot Misses the Net.
0:40 of 2nd period - Shot by Andrej Sekera.
0:40 of 2nd period - Shot Misses the Net.
0:42 of 2nd period - Shot by Andrej Sekera.
0:42 of 2nd period - Stopped by Jonathan Bernier with a rebound.
0:49 of 2nd period - Minor Penalty to Patric Hornqvist for Hooking.
0:50 of 2nd period - Paul Stastny wins face-off versus Henrik Sedin in Lightning zone.
0:58 of 2nd period - Icing by Christian Ehrhoff.
0:59 of 2nd period - Paul Stastny wins face-off versus Henrik Sedin in Lightning zone.
1:00 of 2nd period - Shot by Alexander Steen.
1:00 of 2nd period - Deflect By Paul Stastny.
1:00 of 2nd period - Stopped by Jaroslav Halak with a rebound.
1:24 of 2nd period - Shot by Radim Vrbata.
1:24 of 2nd period - Shot Blocked by Cam Fowler.
1:26 of 2nd period - Shot by Radim Vrbata.
1:26 of 2nd period - Shot Misses the Net.
1:45 of 2nd period - Icing by Alexander Steen.
1:46 of 2nd period - Travis Zajac wins face-off versus Paul Stastny in Canadiens zone.
2:23 of 2nd period - Shot by Justin Abdelkader.
2:23 of 2nd period - Deflect By Josh Bailey.
2:23 of 2nd period - Shot Misses the Net.
2:25 of 2nd period - Shot by Josh Bailey.
2:25 of 2nd period - Goal by Josh Bailey - Canadiens : 1 - Lightning : 2.
2:26 of 2nd period - Maxime Talbot wins face-off versus Teuvo Teravainen in neutral zone.
2:33 of 2nd period - Shot by Curtis Glencross.
2:33 of 2nd period - Stopped by Jonathan Bernier with a rebound.
2:37 of 2nd period - Shot by Andrej Meszaros.
2:37 of 2nd period - Deflect By Teddy Purcell.
2:37 of 2nd period - Stopped by Jonathan Bernier without a rebound.
2:38 of 2nd period - Jonathan Toews wins face-off versus Travis Zajac in Canadiens zone.
2:47 of 2nd period - Travis Zajac is hit by Justin Abdelkader and loses puck.
2:58 of 2nd period - Shot by Travis Zajac.
2:58 of 2nd period - Shot Misses the Net.
3:00 of 2nd period - Shot by Brad Hunt.
3:00 of 2nd period - Shot Misses the Net.
3:14 of 2nd period - Patric Hornqvist is hit by Justin Abdelkader and loses puck.
3:43 of 2nd period - Shot by Henrik Sedin.
3:43 of 2nd period - Deflect By Radim Vrbata.
3:43 of 2nd period - Shot Misses the Net.
3:45 of 2nd period - Shot by Radim Vrbata.
3:45 of 2nd period - Shot Misses the Net.
3:47 of 2nd period - Shot by Christian Ehrhoff.
3:47 of 2nd period - Shot Misses the Net.
3:49 of 2nd period - Shot by Hampus Lindholm.
3:49 of 2nd period - Shot Misses the Net.
4:42 of 2nd period - Nick Spaling is hit by Josh Bailey and loses puck.
4:52 of 2nd period - Josh Bailey is hit by Erik Gudbranson and loses puck.
5:22 of 2nd period - Icing by Paul Stastny.
5:23 of 2nd period - Paul Stastny wins face-off versus Kyle Okposo in Canadiens zone.
6:02 of 2nd period - Shot by Patric Hornqvist.
6:02 of 2nd period - Stopped by Jonathan Bernier with a rebound.
6:04 of 2nd period - Shot by Patric Hornqvist.
6:04 of 2nd period - Deflect By Kyle Okposo.
6:04 of 2nd period - Stopped by Jonathan Bernier without a rebound.
6:05 of 2nd period - Nicholas Shore wins face-off versus Henrik Sedin in Canadiens zone.
6:05 of 2nd period - Nicholas Shore is hit by Henrik Sedin.
6:41 of 2nd period - Shot by Tyler Kennedy.
6:41 of 2nd period - Shot Hit the Post.
7:02 of 2nd period - Shot by Jonathan Toews.
7:02 of 2nd period - Stopped by Jaroslav Halak without a rebound.
7:03 of 2nd period - Travis Zajac wins face-off versus Paul Stastny in Lightning zone.
7:03 of 2nd period - Kyle Okposo is hit by Josh Bailey and loses puck.
7:05 of 2nd period - Minor Penalty to Erik Gudbranson for Tripping.
7:06 of 2nd period - Henrik Sedin wins face-off versus Jordan Eberle in Lightning zone.
8:24 of 2nd period - Off-side.
8:25 of 2nd period - Paul Stastny wins face-off versus Travis Zajac in neutral zone.
8:42 of 2nd period - Shot by Adam Larsson.
8:42 of 2nd period - Stopped by Jaroslav Halak without a rebound.
8:43 of 2nd period - Jonathan Toews wins face-off versus Henrik Sedin in Lightning zone.
8:56 of 2nd period - Shot by Cam Fowler.
8:56 of 2nd period - Shot Misses the Net.
8:58 of 2nd period - Shot by Dan Girardi.
8:58 of 2nd period - Shot Blocked by Christian Ehrhoff.
9:27 of 2nd period - Shot by Teuvo Teravainen.
9:27 of 2nd period - Deflect By Dale Weise.
9:27 of 2nd period - Shot Misses the Net.
9:29 of 2nd period - Shot by Teemu Pulkkinen.
9:29 of 2nd period - Stopped by Jaroslav Halak without a rebound.
9:30 of 2nd period - Nicholas Shore wins face-off versus Teddy Purcell in Lightning zone.
9:57 of 2nd period - Shot by Stephen Gionta.
9:57 of 2nd period - Deflect By Nicholas Shore.
9:57 of 2nd period - Stopped by Jaroslav Halak without a rebound.
9:58 of 2nd period - Travis Zajac wins face-off versus Paul Stastny in Lightning zone.
9:58 of 2nd period - Travis Zajac is hit by Josh Bailey.
10:06 of 2nd period - Shot by Kyle Okposo.
10:06 of 2nd period - Shot Misses the Net.
11:24 of 2nd period - Shot by Radim Vrbata.
11:24 of 2nd period - Shot Blocked by Jonathan Toews.
12:18 of 2nd period - Shot by Teuvo Teravainen.
12:18 of 2nd period - Stopped by Jaroslav Halak without a rebound.
12:19 of 2nd period - Nicholas Shore wins face-off versus Maxime Talbot in Lightning zone.
12:56 of 2nd period - Shot by Cam Fowler.
12:56 of 2nd period - Shot Misses the Net.
13:11 of 2nd period - Cam Fowler is hit by Christian Ehrhoff and loses puck.
13:20 of 2nd period - Shot by Nick Spaling.
13:20 of 2nd period - Shot Misses the Net.
13:29 of 2nd period - Icing by Adam Larsson.
13:30 of 2nd period - Nicholas Shore wins face-off versus Travis Zajac in Canadiens zone.
13:51 of 2nd period - Shot by Alexander Steen.
13:51 of 2nd period - Stopped by Jaroslav Halak without a rebound.
13:52 of 2nd period - Justin Abdelkader wins face-off versus Henrik Sedin in Lightning zone.
13:53 of 2nd period - Shot by Jonathan Toews.
13:53 of 2nd period - Shot Misses the Net.
13:55 of 2nd period - Shot by Jonathan Toews.
13:55 of 2nd period - Stopped by Jaroslav Halak without a rebound.
13:56 of 2nd period - Paul Stastny wins face-off versus Henrik Sedin in Lightning zone.
13:57 of 2nd period - Shot by Josh Bailey.
13:57 of 2nd period - Shot Misses the Net.
13:59 of 2nd period - Shot by Josh Bailey.
13:59 of 2nd period - Shot Misses the Net.
14:18 of 2nd period - Icing by Christian Ehrhoff.
14:19 of 2nd period - Henrik Sedin wins face-off versus Justin Abdelkader in Lightning zone.
14:43 of 2nd period - Shot by Jordan Eberle.
14:43 of 2nd period - Stopped by Jaroslav Halak without a rebound.
14:44 of 2nd period - Paul Stastny wins face-off versus Travis Zajac in Lightning zone.
15:43 of 2nd period - Shot by Troy Brouwer.
15:43 of 2nd period - Stopped by Jonathan Bernier without a rebound.
15:44 of 2nd period - Henrik Sedin wins face-off versus Justin Abdelkader in Canadiens zone.
15:55 of 2nd period - Shot by John Gaudreau.
15:55 of 2nd period - Shot Misses the Net.
16:01 of 2nd period - Shot by Henrik Sedin.
16:01 of 2nd period - Shot Misses the Net.
16:03 of 2nd period - Shot by Hampus Lindholm.
16:03 of 2nd period - Stopped by Jonathan Bernier without a rebound.
16:04 of 2nd period - Nick Spaling wins face-off versus Teuvo Teravainen in Canadiens zone.
16:04 of 2nd period - Nick Spaling is hit by Jason Demers.
17:26 of 2nd period - Shot by Jordan Eberle.
17:26 of 2nd period - Stopped by Jaroslav Halak without a rebound.
17:27 of 2nd period - Paul Stastny wins face-off versus Travis Zajac in Lightning zone.
17:27 of 2nd period - Paul Stastny is hit by Erik Gudbranson.
17:28 of 2nd period - Minor Penalty to Erik Gudbranson for Holding.
17:29 of 2nd period - Jordan Eberle wins face-off versus Henrik Sedin in Lightning zone.
18:36 of 2nd period - Shot by Adam Larsson.
18:36 of 2nd period - Stopped by Jaroslav Halak without a rebound.
18:37 of 2nd period - Henrik Sedin wins face-off versus Josh Bailey in Lightning zone.
19:46 of 2nd period - Icing by Dan Girardi.
19:47 of 2nd period - Travis Zajac wins face-off versus Teuvo Teravainen in Canadiens zone.
Goals for this period are 1 for Canadiens vs 0 for Lightning.
Shots for this period are 12 for Canadiens vs 7 for Lightning.

3rd period


0:01 of 3rd period - Henrik Sedin wins face-off versus Justin Abdelkader in neutral zone.
0:22 of 3rd period - Shot by Jordan Eberle.
0:22 of 3rd period - Shot Misses the Net.
0:24 of 3rd period - Shot by Dan Girardi.
0:24 of 3rd period - Stopped by Jaroslav Halak with a rebound.
0:26 of 3rd period - Shot by Ian Cole.
0:26 of 3rd period - Shot Misses the Net.
0:28 of 3rd period - Shot by Dan Girardi.
0:28 of 3rd period - Shot Misses the Net.
0:43 of 3rd period - Icing by Hampus Lindholm.
0:44 of 3rd period - Paul Stastny wins face-off versus Henrik Sedin in Lightning zone.
1:04 of 3rd period - Icing by Cam Fowler.
1:05 of 3rd period - Travis Zajac wins face-off versus Paul Stastny in Canadiens zone.
1:12 of 3rd period - Shot by Patric Hornqvist.
1:12 of 3rd period - Stopped by Jonathan Bernier without a rebound.
1:13 of 3rd period - Travis Zajac wins face-off versus Justin Abdelkader in Canadiens zone.
1:13 of 3rd period - Patric Hornqvist is hit by Jason Demers and loses puck.
1:19 of 3rd period - Jonathan Toews is hit by Patric Hornqvist.
1:27 of 3rd period - Shot by Justin Abdelkader.
1:27 of 3rd period - Shot Blocked by Erik Gudbranson.
1:29 of 3rd period - Shot by Justin Abdelkader.
1:29 of 3rd period - Shot Blocked by Andrej Sekera.
1:31 of 3rd period - Shot by Jonathan Ericsson.
1:31 of 3rd period - Stopped by Jaroslav Halak without a rebound.
1:32 of 3rd period - Paul Stastny wins face-off versus Nick Spaling in Lightning zone.
1:42 of 3rd period - Paul Stastny is hit by Andrej Meszaros and loses puck.
1:54 of 3rd period - Minor Penalty to Andrej Meszaros for Hooking.
1:55 of 3rd period - Henrik Sedin wins face-off versus Jonathan Toews in Lightning zone.
2:23 of 3rd period - Off-side.
2:24 of 3rd period - Henrik Sedin wins face-off versus Paul Stastny in neutral zone.
2:41 of 3rd period - Andrej Sekera is hit by Paul Stastny and loses puck.
3:00 of 3rd period - Shot by Alexander Steen.
3:00 of 3rd period - Shot Misses the Net.
3:57 of 3rd period - Icing by Dan Girardi.
3:58 of 3rd period - Teuvo Teravainen wins face-off versus Travis Zajac in Canadiens zone.
3:58 of 3rd period - Teuvo Teravainen is hit by Patric Hornqvist.
4:29 of 3rd period - Shot by Teuvo Teravainen.
4:29 of 3rd period - Shot Misses the Net.
4:44 of 3rd period - Dale Weise is hit by Travis Zajac and loses puck.
5:12 of 3rd period - Hampus Lindholm is hit by Nicholas Shore and loses puck.
6:46 of 3rd period - Shot by Alexander Steen.
6:46 of 3rd period - Stopped by Jaroslav Halak without a rebound.
6:47 of 3rd period - Paul Stastny wins face-off versus Teddy Purcell in Lightning zone.
6:57 of 3rd period - Shot by Josh Bailey.
6:57 of 3rd period - Stopped by Jaroslav Halak without a rebound.
6:58 of 3rd period - Travis Zajac wins face-off versus Teuvo Teravainen in Lightning zone.
7:08 of 3rd period - Minor Penalty to Travis Zajac for Holding.
7:09 of 3rd period - Paul Stastny wins face-off versus Henrik Sedin in Lightning zone.
7:45 of 3rd period - Shot by Cam Fowler.
7:45 of 3rd period - Shot Misses the Net.
8:25 of 3rd period - Shot by Josh Bailey.
8:25 of 3rd period - Stopped by Jaroslav Halak without a rebound.
8:26 of 3rd period - Paul Stastny wins face-off versus Henrik Sedin in Lightning zone.
8:26 of 3rd period - Paul Stastny is hit by Erik Gudbranson.
9:17 of 3rd period - Shot by Maxime Talbot.
9:17 of 3rd period - Stopped by Jonathan Bernier without a rebound.
9:18 of 3rd period - Travis Zajac wins face-off versus Nicholas Shore in Canadiens zone.
9:29 of 3rd period - Shot by Patric Hornqvist.
9:29 of 3rd period - Stopped by Jonathan Bernier with a rebound.
9:31 of 3rd period - Shot by Kyle Okposo.
9:31 of 3rd period - Shot Blocked by Ian Cole.
10:24 of 3rd period - Shot by Nick Spaling.
10:24 of 3rd period - Shot Misses the Net.
10:26 of 3rd period - Shot by Troy Brouwer.
10:26 of 3rd period - Deflect By Nick Spaling.
10:26 of 3rd period - Shot Blocked by Dan Girardi.
11:13 of 3rd period - Teddy Purcell is hit by Adam Larsson and loses puck.
11:56 of 3rd period - Curtis Glencross is hit by Josh Bailey and loses puck.
12:01 of 3rd period - Teddy Purcell is hit by Josh Bailey and loses puck.
12:14 of 3rd period - Shot by Josh Bailey.
12:14 of 3rd period - Stopped by Jaroslav Halak without a rebound.
12:15 of 3rd period - Henrik Sedin wins face-off versus Teuvo Teravainen in Lightning zone.
12:29 of 3rd period - Shot by Radim Vrbata.
12:29 of 3rd period - Shot Blocked by Teuvo Teravainen.
12:31 of 3rd period - Shot by Radim Vrbata.
12:31 of 3rd period - Deflect By Henrik Sedin.
12:31 of 3rd period - Shot Blocked by Teuvo Teravainen.
12:33 of 3rd period - Shot by Henrik Sedin.
12:33 of 3rd period - Deflect By Radim Vrbata.
12:33 of 3rd period - Stopped by Jonathan Bernier without a rebound.
12:34 of 3rd period - Paul Stastny wins face-off versus Travis Zajac in Canadiens zone.
13:06 of 3rd period - Shot by Kyle Okposo.
13:06 of 3rd period - Shot Misses the Net.
13:33 of 3rd period - Icing by Hampus Lindholm.
13:34 of 3rd period - Henrik Sedin wins face-off versus Justin Abdelkader in Lightning zone.
13:58 of 3rd period - Shot by John Gaudreau.
13:58 of 3rd period - Shot Misses the Net.
14:00 of 3rd period - Shot by Radim Vrbata.
14:00 of 3rd period - Stopped by Jonathan Bernier without a rebound.
14:01 of 3rd period - Teuvo Teravainen wins face-off versus Nick Spaling in Canadiens zone.
15:15 of 3rd period - Shot by John Gaudreau.
15:15 of 3rd period - Shot Misses the Net.
15:22 of 3rd period - Minor Penalty to Jason Demers for High sticking.
15:23 of 3rd period - Travis Zajac wins face-off versus Josh Bailey in Canadiens zone.
16:32 of 3rd period - Shot by Radim Vrbata.
16:32 of 3rd period - Shot Misses the Net.
16:56 of 3rd period - Cam Fowler is hit by Radim Vrbata.
18:27 of 3rd period - Shot by Kyle Okposo.
18:27 of 3rd period - Stopped by Jonathan Bernier without a rebound.
18:28 of 3rd period - Paul Stastny wins face-off versus Travis Zajac in Canadiens zone.
18:50 of 3rd period - Canadiens, Jonathan Bernier is pulled from the net.
19:57 of 3rd period - Shot by Jordan Eberle.
19:57 of 3rd period - Stopped by Jaroslav Halak without a rebound.
19:58 of 3rd period - Henrik Sedin wins face-off versus Paul Stastny in Lightning zone.
Goals for this period are 0 for Canadiens vs 0 for Lightning.
Shots for this period are 7 for Canadiens vs 6 for Lightning.